 Dungeon Crawl Stone Soup version 0.29.0-15-g675c0067aa (webtiles) character file.

Game seed: 113469475654876490

7655 howech the Covert (level 10, -16/44 HPs)
             Began as a Spriggan Enchanter on Sept 11, 2022.
             Was a Follower of Uskayaw.
             Shot with a bolt by an orc warrior (20 damage)
             ... on level 9 of the Dungeon on Sept 12, 2022.
             The game lasted 01:21:10 (12715 turns).

howech the Covert (Spriggan Enchanter)             Turns: 12715, Time: 01:21:11

Health: -16/44     AC:  2    Str:  4    XL:     10   Next: 99%
Magic:  22/22      EV: 22    Int: 27    God:    Uskayaw [*.....]
Gold:   124        SH:  0    Dex: 16    Spells: 11/23 levels left

rFire   . . .      SeeInvis +   a - +2 dagger (venom)
rCold   . . .      Faith    .   (no shield)
rNeg    . . .      Spirit   .   b - +0 robe
rPois   .          Reflect  .   F - +0 hat {Will+}
rElec   .          Harm     .   (no cloak)
rCorr   +          Rampage  .   (gloves unavailable)
Will    ++...                   (boots unavailable)
Stlth   +++++.....              (no amulet)
HPRegen 0.14/turn               h - ring of resist corrosion
MPRegen 0.18/turn               r - +6 ring of intelligence

@: very quick
A: very small, no large weapons, unfitting armour, see invisible, speed 3
a: Renounce Religion, Stomp


You were on level 9 of the Dungeon.
You worshipped Uskayaw.
Uskayaw was noncommittal.
You visited 2 branches of the dungeon, and saw 10 of its levels.

You collected 311 gold pieces.
You spent 187 gold pieces at shops.

Inventory:

Hand Weapons
 a - a +2 dagger of venom (weapon)
 k - a +1 dagger of protection
 u - a +1 dagger of protection
Missiles
 g - 19 poisoned darts (quivered)
 o - 7 boomerangs
 s - 6 throwing nets
Armour
 b - a +0 robe (worn)
 x - a +2 hat
 F - a +0 hat of willpower (worn)
Jewellery
 h - a ring of resist corrosion (left hand)
 r - a +6 ring of intelligence (right hand)
Wands
 j - a wand of quicksilver (6)
 t - a wand of digging (4)
 y - a wand of flame (23)
 A - a wand of charming (21)
 C - a wand of iceblast (7)
Scrolls
 d - a scroll of identify
 e - 3 scrolls of teleportation
 l - a scroll of amnesia
 B - a scroll of blinking
Potions
 c - 4 potions of invisibility
 f - a potion of flight
 i - 3 potions of lignification
 m - a potion of might
 n - a potion of heal wounds
 p - a potion of mutation
 q - 2 potions of curing
 v - a potion of brilliance
 w - a potion of magic
 z - 2 potions of attraction {unknown}
 D - 2 potions of degeneration {unknown}
 E - a potion of cancellation {unknown}


   Skills:
 + Level 6.3 Short Blades
 + Level 3.1 Throwing
 + Level 8.3 Dodging
 + Level 10.2 Stealth
 + Level 7.4 Spellcasting
 - Level 1.7 Conjurations
 + Level 8.1 Hexes
 + Level 4.9 Translocations
 - Level 1.8 Fire Magic
 + Level 4.7 Ice Magic
 + Level 4.3 Invocations
 + Level 5.7 Evocations


You had 11 spell levels left.
You knew the following spells:

 Your Spells              Type           Power      Damage    Failure   Level
a - Ensorcelled Hibernat  Hex/Ice        88%        N/A       1%          2
b - Confusing Touch       Hex            52%        N/A       1%          3
c - Blink                 Tloc           72%        N/A       1%          2
d - Fireball              Conj/Fire      9%         3d6       58%         5

Your spell library contained the following spells:

 Spells                   Type           Power      Damage    Failure   Level
 Tukima's Dance           Hex            52%        N/A       1%          3
 Foxfire                  Conj/Fire      76%        2x1d7     2%          1
 Magic Dart               Conj           76%        1d6       2%          1
 Dazzling Flash           Conj/Hex       72%        N/A       2%          3
 Inner Flame              Hex/Fire       37%        N/A       2%          3
 Lesser Beckoning         Tloc           36%        N/A       2%          3
 Conjure Flame            Conj/Fire      19%        6-21      8%          3
 Call Imp                 Summ           10%        N/A       9%          2
 Mephitic Cloud           Conj/Pois/Air  13%        N/A       13%         3
 Manifold Assault         Tloc           36%        N/A       21%         5
 Flame Wave               Conj/Fire      19%        2d7       26%         4
 Starburst                Conj/Fire      9%         6d5       99%         6
 Ignition                 Fire           10%        3d5       100%        8


Dungeon Overview and Level Annotations

Branches:
Dungeon (9/15)             Temple (1/1) D:5
   Lair: D:8-11         Orc: D:9-12

Altars:
Ashenzari
Cheibriados
Elyvilon
Fedhas
Gozag
Kikubaaqudgha
Makhleb
Nemelex Xobeh
Okawaru
Trog
Uskayaw
Vehumet
Wu Jian
Yredelemnul
Zin
The Shining One

Shops:
D:6 *   D:8 *

Annotations:
D:6 2 transporters
D:8 2 transporters, exclusion: ice statue, howech's ghost, novice MiFi


Innate Abilities, Weirdness & Mutations

You are very small and have problems with some larger weapons.
You are too small for most types of armour.
You have supernaturally acute eyesight. (SInv)
You cover ground extremely quickly. (Speed+++)


Message History

You throw a poisoned dart. The poisoned dart hits the orc warrior.
The orc warrior is poisoned.
The orc warrior shouts!
You hear a shout!
The orc warrior unwields a +0 hand axe.
The orc warrior wields a +0 arbalest.
The orc warrior shoots a bolt.
The bolt closely misses you.
You start resting.
An orc warrior is nearby!
Throw: 20 darts (poison)
Press: ? - help, Q - select action, (/) - cycle Shift-Dir - straight line, f/p - orc warrior
Aim: an orc warrior, wielding a +0 arbalest and wearing a +0 chain mail (lightly wounded, poisoned, 57% to hit)
You throw a poisoned dart. The poisoned dart hits the orc warrior!
The orc warrior looks even sicker.
The orc warrior is lightly wounded.
The orc warrior shoots a bolt.
The bolt misses you.
An orc wizard comes into view. It is wielding a +0 dagger.
The orc wizard points at you and mumbles some strange words.
The puff of flame hits you!
The orc warrior shoots a bolt.
The bolt closely misses you.
The orc warrior shoots a bolt.
The bolt closely misses you.
You hear a shout!
The orc wizard casts a spell.
The orc wizard flickers and vanishes for a moment.
An orc comes into view. It is wielding a +0 hand axe.
You hit the orc warrior but do no damage.
The orc warrior looks even sicker.
The orc warrior is lightly wounded.
The orc warrior unwields a +0 arbalest.
The orc warrior wields a +0 hand axe.
The orc warrior hits you with a +0 hand axe.
You hit the orc warrior.
The orc warrior looks as sick as possible!
The orc warrior is moderately wounded.
The orc warrior hits you with a +0 hand axe!!
* * * LOW HITPOINT WARNING * * *
You hit the orc warrior but do no damage.
The orc warrior is moderately wounded.
The orc warrior unwields a +0 hand axe.
The orc warrior wields a +0 arbalest.
The orc warrior shoots a bolt.
The bolt completely misses you.
The orc warrior shoots a bolt.
The bolt hits you!!
You die...

#...# #.# #..# #..#
#...# #.# #..# #..#
#...# #))# #..# #...# #
#..# #.... #...#
#.#####..####....
###...#
#.......))......o
......#
#.............###
......####........####.#
.........>..####@.# #
####†....... #..#
#........ #..# #..###...
#..# #..# .. #oo# #..# .
#..# #..# #..# #..# #o.#
#..# #..#


You could see an orc warrior (extremely poisoned), an orc wizard (invisible) and
an orc.

Vanquished Creatures
  Gastronok (D:8)
  2 two-headed ogres
  Harold (D:9)
  A troll (D:9)
  Prince Ribbit (D:5)
  4 yaks (D:8)
  A steam dragon (D:7)
  An acid dragon (D:8)
  2 water moccasins (D:5)
  Duvessa (D:5)
  A black bear (D:6)
  2 orc warriors (D:8)
  2 ice beasts (D:7)
  2 sky beasts (D:8)
  An ogre (D:6)
  2 centaurs
  2 phantoms
  A kobold brigand (D:6)
  Blork the orc (D:5)
  2 bullfrogs
  3 scorpions
  2 necrophages
  Dowan (D:5)
  5 killer bees (D:8)
  3 howler monkeys
  6 hounds
  13 orc priests
  Crazy Yiuf (D:2)
  2 gnoll boudas
  Jessica (D:2)
  7 orc wizards
  Terence (D:2)
  Robin (D:2)
  19 gnolls
  14 adders
  A white imp (D:7)
  An ufetubus (D:4)
  3 dart slugs
  3 worms
  38 orcs
  3 ball pythons
  7 endoplasms
  3 giant cockroaches
  10 hobgoblins
  3 jackals (D:2)
  6 kobolds (D:6)
  3 quokkas
  6 bats
  8 frilled lizards
  13 goblins
  9 rats
227 creatures vanquished.

Notes
Turn   | Place    | Note
-------+----------+-------------------------------------------
     0 | D:1      | howech the Spriggan Enchanter began the quest for the Orb.
     0 | D:1      | Reached XP level 1. HP: 9/9 MP: 5/5
     0 | D:1      | Found a faded altar of an unknown god.
   454 | D:1      | Reached XP level 2. HP: 13/13 MP: 6/6
   469 | D:1      | Learned a level 2 spell: Ensorcelled Hibernation
  1093 | D:2      | Reached XP level 3. HP: 4/16 MP: 5/8
  1693 | D:2      | Reached skill level 5 in Stealth
  1730 | D:2      | Reached XP level 4. HP: 21/21 MP: 5/9
  1822 | D:2      | Noticed Robin
  1906 | D:2      | Killed Robin
  1972 | D:2      | Reached skill level 1 in Ice Magic
  2032 | D:2      | Noticed Terence
  2042 | D:2      | Killed Terence
  2050 | D:2      | Learned a level 3 spell: Confusing Touch
  2269 | D:2      | Reached XP level 5. HP: 24/24 MP: 11/11
  2328 | D:2      | Noticed Jessica
  2333 | D:2      | Killed Jessica
  2457 | D:2      | Found a runed translucent door.
  2458 | D:2      | Noticed Crazy Yiuf
  2465 | D:2      | Killed Crazy Yiuf
  3151 | D:3      | Reached skill level 6 in Stealth
  3151 | D:3      | Reached XP level 6. HP: 23/28 MP: 9/12
  3758 | D:4      | Reached skill level 5 in Hexes
  4127 | D:4      | Reached skill level 5 in Dodging
  4127 | D:4      | Reached XP level 7. HP: 13/32 MP: 8/14
  4325 | D:4      | Found a basalt altar of Yredelemnul.
  5229 | D:5      | Entered Level 5 of the Dungeon
  5412 | D:5      | Reached skill level 7 in Stealth
  5550 | D:5      | Found a staircase to the Ecumenical Temple.
  5584 | D:5      | Reached skill level 5 in Spellcasting
  5589 | Temple   | Entered the Ecumenical Temple
  5772 | Temple   | Became a worshipper of Uskayaw the Reveller
  5857 | Temple   | Learned a level 2 spell: Blink
  5863 | Temple   | Learned a level 5 spell: Fireball
  6075 | D:5      | Reached * piety under Uskayaw
  6081 | D:5      | Reached ** piety under Uskayaw
  6082 | D:5      | Reached XP level 8. HP: 36/36 MP: 16/16
  6113 | D:5      | Noticed Dowan
  6128 | D:5      | Killed Dowan
  6135 | D:5      | Noticed Duvessa
  6152 | D:5      | Killed Duvessa
  6153 | D:5      | Reached skill level 1 in Evocations
  6506 | D:5      | Reached skill level 1 in Invocations
  6888 | D:5      | Noticed Blork the orc
  6892 | D:5      | Killed Blork the orc
  6893 | D:5      | Reached skill level 1 in Conjurations
  6893 | D:5      | Reached skill level 1 in Fire Magic
  6949 | D:5      | Noticed Prince Ribbit
  6953 | D:5      | Killed Prince Ribbit
  7317 | D:5      | Reached skill level 8 in Stealth
  7331 | D:5      | Reached *** piety under Uskayaw
  7601 | D:6      | Found an ornate altar of the Wu Jian Council.
  7623 | D:6      | Reached XP level 9. HP: 33/39 MP: 9/18
  7678 | D:6      | Found a transporter.
  7679 | D:6      | Found a transporter.
  7772 | D:6      | Found Yfeu's Gadget Gallery.
  9893 | D:7      | Reached skill level 5 in Short Blades
  9893 | D:7      | Reached skill level 1 in Translocations
 10777 | D:8      | Found a radiant altar of Vehumet.
 10810 | D:8      | Found Xealeoh's General Store.
 10815 | D:8      | Bought a potion of heal wounds for 75 gold pieces
 10815 | D:8      | Bought a scroll of blinking for 112 gold pieces
 11084 | D:8      | Reached skill level 1 in Throwing
 11086 | D:8      | Reached **** piety under Uskayaw
 11168 | D:8      | Noticed howech's ghost (novice MiFi)
 11282 | D:8      | Noticed an ice statue
 11303 | D:8      | Found a transporter.
 11319 | D:8      | Reached skill level 9 in Stealth
 11564 | D:8      | Noticed Gastronok
 11733 | D:8      | Killed Gastronok
 11734 | D:8      | Reached XP level 10. HP: 44/44 MP: 19/21
 11961 | D:8      | Reached skill level 5 in Evocations
 12006 | D:8      | Found a burning altar of Makhleb.
 12034 | D:8      | Noticed a two-headed ogre
 12050 | D:8      | Killed a two-headed ogre
 12180 | D:8      | Found a transporter.
 12369 | D:9      | Noticed a two-headed ogre
 12394 | D:9      | Noticed a two-headed ogre
 12401 | D:9      | Killed a two-headed ogre
 12444 | D:9      | Reached skill level 10 in Stealth
 12494 | D:9      | Noticed Harold
 12499 | D:9      | Killed Harold
 12715 | D:9      | Shot with a bolt by an orc warrior

Illustrated notes

Levels and vault maps discovered:
D:1:      scummos_arrival_forest, layout_rooms,
          dreamdust_ecumenical_altar_statues
D:2:      layout_basic, uniq_robin, uniq_jessica, uniq_crazy_yiuf_cottage,
          uniq_terence
D:3:      layout_rooms, chequers_serial_rivers_micro_d
D:4:      layout_loops_ring, kennysheep_little_box, portal_sewer_entry_d,
          amcnicky_mini_rare_corridor_liquid
D:5:      layout_loops_ring, minmay_temple_entry_waves, uniq_prince_ribbit1,
          uniq_duvessa, uniq_blork_the_orc
D:6:      gammafunk_steamed_eel, layout_cave_pools,
          nicolae_wu_jian_wuxing_cycle, nicolae_shop_gadgets
D:7:      layout_loops_ring
D:8:      layout_loops_ring, mainiacjoe_overflow_alcove_4,
          mainiacjoe_overflow_cross_hatched, nzn_ghost_randoct, serial_shops,
          shop, enter_bailey_4, chequers_jeans, chequers_serial_rivers_micro_e,
          grunt_decor_clamped, grunt_decor_junction, uniq_gastronok
D:9:      layout_long_grid, nicolae_overflow_hidden_temple, uniq_harold
Temple:   minmay_temple_forest_path

Skill      XL: |  1  2  3  4  5  6  7  8  9 10 |
---------------+-------------------------------+-----
Dodging        | 3 4 5 6 7 8 |  8.3
Spellcasting   | 3 4 5 6 7 |  7.4
Hexes          | 4 5 6 7 8 |  8.1
Stealth        | 5 6 7 8 9 10 | 10.2
Short Blades   | 2 3 4 5 6 |  6.3
Ice Magic      | 1 2 3 4 |  4.7
Evocations     | 2 4 5 |  5.7
Invocations    | 1 3 4 |  4.3
Conjurations   | 1 |  1.7
Fire Magic     | 1 |  1.8
Translocations | 3 4 |  4.9
Throwing       | 2 3 |  3.1

Action                   |  1- 3 |  4- 6 |  7- 9 | 10-12 || total
-------------------------+-------+-------+-------+-------++-------
Melee: Dagger            |    63 |   152 |   286 |    55 ||   556
       Punch             |     1 |       |     6 |       ||     7
Throw: Dart              |    12 |    10 |    38 |    12 ||    72
       Boomerang         |       |    21 |    34 |     4 ||    59
       Throwing net      |       |       |     1 |       ||     1
 Cast: Ensorcelled Hiber |    11 |    47 |    98 |    20 ||   176
       Confusing Touch   |       |     2 |     3 |     1 ||     6
Evoke: Wand              |       |       |     5 |       ||     5
  Use: Scroll            |     1 |     6 |    11 |     3 ||    21
       Potion            |       |     2 |     5 |       ||     7
 Stab: Sleeping          |    16 |    33 |    71 |    12 ||   132
       Distracted        |       |     1 |     2 |       ||     3
       Confused          |       |     2 |     1 |       ||     3
       Paralysed         |       |       |     2 |     3 ||     5
Armor: Robe              |     7 |    17 |    14 |     1 ||    39
       Skin              |       |    36 |       |       ||    36
Dodge: Dodged            |    40 |    83 |   193 |    32 ||   348
